 Dungeon Crawl Stone Soup version 0.23-a0-577-g2b1de94 (webtiles) character file.

2 TheGoonsmith the Ducker (level 1, 0/11 HPs)
             Began as a Spriggan Abyssal Knight on Dec 15, 2018.
             Was a Follower of Lugonu.
             Slain by a rat (2 damage)
             ... on level 1 of the Dungeon.
             The game lasted 00:00:23 (79 turns).

TheGoonsmith the Ducker (Spriggan Abyssal Knight)     Turns: 79, Time: 00:00:23

Health: 0/11       AC:  2    Str:  8    XL:     1   Next: 25%
Magic:  3/3        EV: 18    Int: 13    God:    Lugonu [*.....]
Gold:   0          SH:  0    Dex: 15    Spells: 0/0 levels left

rFire    . . .     SeeInvis +   a - +1 short sword
rCold    . . .     Gourm    .   (shield restricted)
rNeg     . . .     Faith    .   b - +0 robe
rPois    .         Spirit   .   (helmet restricted)
rElec    .         Reflect  .   (no cloak)
rCorr    .         Harm     .   (gloves unavailable)
MR       .....                  (boots unavailable)
Stlth    +.........             (no amulet)
HPRegen  0.03/turn              (no ring)
MPRegen  0.08/turn              (no ring)

@: very quick
A: very small, unfitting armour, see invisible, herbivore, speed 3, slow
metabolism 2
a: Depart the Abyss, Renounce Religion


You were on level 1 of the Dungeon.
You worshipped Lugonu.
Lugonu was aware of your devotion.
You were not hungry.

You visited 1 branch of the dungeon, and saw 1 of its levels.
You visited the Abyss 1 time.

Inventory:

Hand Weapons
 a - a +1 short sword (weapon)
Armour
 b - a +0 robe (worn)
Jewellery
 d - an uncursed ring of magical power {unknown}
Comestibles
 c - a ration


   Skills:
 + Level 2.4 Fighting
 + Level 2.2 Short Blades
 + Level 3.5 Dodging
 + Level 1.8 Invocations


You couldn't memorise any spells.
You didn't know any spells.
Your spell library was empty.

Dungeon Overview and Level Annotations

Branches:
Dungeon (1/15)

Altars:


Innate Abilities, Weirdness & Mutations

You are very small and have problems with some larger weapons.
You are too small for most types of armour.
You have supernaturally acute eyesight. (SInv)
You are a herbivore.
You cover ground extremely quickly.
You need to consume almost no food.


Message History

A hobgoblin comes into view. It is wielding a +0 club.
The kobold throws a stone.
The stone completely misses you.
A rat comes into view.
The hobgoblin shouts!
You closely miss the kobold. The rat misses you. The kobold barely misses you.
You hit the kobold.
The kobold is severely wounded.
The rat completely misses you. The hobgoblin hits you with a +0 club.
The kobold hits you.
* * * LOW HITPOINT WARNING * * *
You are too injured to fight recklessly!
The kobold throws a stone.
The stone barely misses you.
The kobold throws a stone.
The stone closely misses you.
You see here a stone.
You start resting.
The rat is too close now for your liking.
You are too injured to fight recklessly!
You are too injured to fight recklessly!
You hit the rat but do no damage. The rat bites you.
You die...

...........#.#
..#......#...#
#####.(...##
#############(#######
............r........
..............(......
.#######.g###########
#####.r###
..###......@.#
.......†.....##
..###..<†.......
#........#...
####..####.### #..# #
#..# #..# ...


You could see a hobgoblin and a rat.

Vanquished Creatures
  A bat (D:1)
  A frilled lizard (D:1)
  A rat (D:1)
3 creatures vanquished.

Notes
Turn   | Place    | Note
-------+----------+-------------------------------------------
     0 | Abyss:1  | TheGoonsmith the Spriggan Abyssal Knight began the quest
                  | for the Orb.
     0 | Abyss:1  | Reached XP level 1. HP: 11/11 MP: 3/3
    40 | D:1      | Escaped the Abyss
    79 | D:1      | Slain by a rat

Vault maps used:
D:1:      dpeg_arrival_boxes_within_box, serial_rivers,
          chequers_serial_rivers_small_a, chequers_serial_rivers_small_3,
          chequers_serial_rivers_micro_a, chequers_serial_rivers_micro_d,
          chequers_serial_rivers_micro_b, serial_park_tiny_1,
          minmay_misc_feat_rugged, minmay_misc_feat_doors, st_stairs_11

Action                   || total
-------------------------++-------
Melee: Short sword       ||    10
Armor: Robe              ||     2
Dodge: Dodged            ||    16

Table legend:
 A = Non-vault XP
 B = Vault XP
 C = Vault XP percentage of total XP
 D = Non-vault monster count
 E = Vault monster count
 F = Vault count percentage of total count
                 A         B        C        D         E       F
            +---------+---------+-------+---------+---------+-------
      Total |       3 |       0 |   0.0 |       3 |       0 |   0.0
            +---------+---------+-------+---------+---------+-------
        D:1 |       3 |       0 |   0.0 |       3 |       0 |   0.0
            +---------+---------+-------+---------+---------+-------
